 Dungeon Crawl Stone Soup version 0.30.0-29-ga12c61a403 (webtiles) character file.

Game seed: 9208684388144146572

107 LCPRIV the Trooper (level 5, 0/42 HPs)
             Began as a Human Fighter on June 14, 2023.
             Slain by an orc wizard
             ... wielding a +0 club
              (4 damage)
             ... on level 3 of the Dungeon.
             The game lasted 00:09:17 (1966 turns).

LCPRIV the Trooper (Human Fighter)                  Turns: 1966, Time: 00:09:18

Health: 0/42       AC:  7    Str: 19    XL:     5   Next: 11%
Magic:  5/5        EV:  9    Int:  8    God:
Gold:   89         SH:  4    Dex: 12    Spells: 4/4 levels left

rFire   . . .        a - +0 long sword
rCold   . . .        c - +0 buckler
rNeg    . . .        b - +0 scale mail
rPois   .            (no helmet)
rElec   .            (no cloak)
rCorr   .            (no gloves)
SInv    .            e - +0 pair of boots
Will    .....        (no amulet) Stlth
                     (no ring)
HPRegen 0.27/turn    (no ring)
MPRegen 0.09/turn

%: no passive effects
@: no status effects
A: no striking features
a: no special abilities


You were on level 3 of the Dungeon.
You visited 1 branch of the dungeon, and saw 3 of its levels.

You collected 89 gold pieces.

Inventory:

Hand Weapons
 a - a +0 long sword (weapon)
 l - a +0 dagger of holy wrath
Missiles
 f - 14 poisoned darts (quivered)
Armour
 b - a +0 scale mail (worn)
 c - a +0 buckler (worn)
 e - a +0 pair of boots (worn)
Jewellery
 o - a ring of ice
Scrolls
 g - a scroll of teleportation
 h - 2 scrolls of fog
 i - a scroll of blinking {unknown}
 r - a scroll of butterflies
Potions
 d - a potion of might
 j - a potion of flight
 n - a potion of cancellation
 p - a potion of invisibility
 q - a potion of haste {unknown}


   Skills:
 + Level 4.1 Fighting
 + Level 3.5 Long Blades
 + Level 0.3 Throwing
 - Level 3.0 Armour
 + Level 0.8 Dodging
 + Level 0.4 Stealth
 - Level 3.0 Shields


You had 4 spell levels left.
You didn't know any spells.
Your spell library was empty.

Dungeon Overview and Level Annotations

Branches:
Dungeon (3/15)

Altars:


Message History

You feel sick.
The endoplasm hits you but does no damage.
Your Long Blades skill increases to level 3!
You have reached level 5!
You hit the endoplasm.
The endoplasm is almost dead.
You feel sick. You block the endoplasm's attack.
You hit the endoplasm.
You kill the endoplasm!
You feel sick.
You hear some strange, mumbled words.
Deactivating autopickup; reactivate with Ctrl-A.
You are confused.
You feel sick.
You are no longer poisoned.
Something hits you.
* * * LOW HITPOINT WARNING * * *
You see here a scorpion corpse.
You bump into the rock wall.
Something hits you but does no damage.
You bump into the rock wall.
Something hits you.
* * * LOW HITPOINT WARNING * * *
The dart slug launches a dart at you.
The slug dart hits something.
You bump into the rock wall.
Something hits you but does no damage.
You are too confused!
You bump into the rock wall.
You feel less confused. Something hits you but does no damage.
You barely miss something. Something hits you but does no damage.
You hear some strange, mumbled words.
Something tries to affect you, but you resist.
You hit something but do no damage. Something hits you.
* * * LOW HITPOINT WARNING * * *
You closely miss something. Something hits you but does no damage.
You hit something. Something hits you but does no damage.
You barely miss something. Something hits you but does no damage.
The dart slug launches a dart at you.
The slug dart hits something.
Something hits you but does no damage.
You miss something. Something hits you.
You die...

#...#.......wo......
#...#......o).......
#...#......o..o.....
#...#.....J#####....
#...###...## w..
#...#..o### ...
#.......wo# ....
##....####{######....
#....## #@##........
.###....# #.##........
#.....##'### #.#.........
#....#.....###.#.........
#....#.....'.............
#...>....).##.###........
##########.##.#<.........
#..........##.###........
#.###########.# #########


You could see a dart slug and 2 orcs.

Vanquished Creatures
  A scorpion (D:3)
  A worm (D:3)
  A dart slug (D:2)
  An orc (D:3)
  2 bats (D:2)
  6 endoplasms
  2 giant cockroaches
  5 goblins
  2 hobgoblins (D:1)
  5 jackals
  6 kobolds
  A quokka (D:1)
  4 ball pythons
  2 frilled lizards (D:1)
  2 rats (D:1)
41 creatures vanquished.

Notes
Turn   | Place    | Note
-------+----------+-------------------------------------------
     0 | D:1      | LCPRIV the Human Fighter began the quest for the Orb.
     0 | D:1      | Reached XP level 1. HP: 18/18 MP: 1/1
   218 | D:1      | Reached XP level 2. HP: 18/24 MP: 2/2
   468 | D:1      | Reached XP level 3. HP: 30/30 MP: 3/3
  1336 | D:2      | Found a faded altar of an unknown god.
  1913 | D:3      | Reached XP level 4. HP: 37/37 MP: 4/4
  1932 | D:3      | Noticed a scorpion
  1935 | D:3      | Reached skill level 4 in Fighting
  1953 | D:3      | Killed a scorpion
  1954 | D:3      | Reached XP level 5. HP: 10/42 MP: 5/5
  1966 | D:3      | Slain by an orc wizard

Illustrated notes

Levels and vault maps discovered:
D:1:      sevenhm_arrival_forest_fort_small_6, layout_loops_corners,
          serial_park_tiny_2, corexii_leaking_fountain
D:2:      layout_loops_ring, basic_ecumenical_altar,
          kennysheep_decorative_pillar
D:3:      layout_basic

Skill      XL: |  1  2  3  4 |
---------------+-------------+-----
Fighting       | 4 |  4.1
Long Blades    | 3 |  3.5
Throwing       | |  0.3
Armour         | |  3.0
Dodging        | |  0.8
Stealth        | |  0.4
Shields        | |  3.0

Action                     |  1- 3 |  4- 6 || total
---------------------------+-------+-------++-------
  Melee: Long sword        |   104 |    18 ||   122
  Throw: Dart              |     6 |       ||     6
    Use: Scroll            |     9 |       ||     9
 Armour: Scale mail        |    43 |    12 ||    55
  Dodge: Dodged            |    39 |     4 ||    43
  Block: Buckler           |    13 |     4 ||    17
